AoeStats
← Exotic Pixel

Arabia

509988391Analyzed
1v1 RM · 4d ago on Sep 28, 2026· 47m 45s· 2 players
Game mode
Random Map
Map size
Tiny (2 player)
Population
200
Speed
Normal
Resources
Standard
Victory
Conquest
Starting age
Dark Age
Ending age
Imperial Age
RankedLock teamsTeams togetherTeam positionsShared explorationLock speedFull tech treeHidden civsTurbo modeCheats
Victory
Defeat
🇨🇦 Danes · Canada
1022
+15
🇦🇷 Malay · Argentina
1004
-15
Exotic Pixel
6:54 Loom
14:19 Feudal Age
18:39 Castle Age
16:44 Double-Bit Axe
24:52 Forging
24:48 Scale Barding Armor
24:45 Husbandry
27:18 Iron Casting
30:20 Arson
30:36 Squires
31:01 Bow Saw
30:45 Gold Mining
30:39 Horse Collar
32:23 Wheelbarrow
31:53 Man-at-Arms
32:35 Long Swordsman
36:02 Hand Cart
redoubz
9:16 Feudal Age
7:38 Loom
9:57 Double-Bit Axe
9:54 Horse Collar
11:09 Man-at-Arms
16:08 Scale Mail Armor
18:14 Forging
22:32 Wheelbarrow
25:07 Castle Age
23:21 Arson
26:03 Thumb Ring
25:19 Elite Skirmisher
25:35 Pikeman
25:41 Pikeman
26:07 Gambesons
26:24 Squires
27:17 Bow Saw
29:24 Iron Casting
29:05 Chain Mail Armor
31:31 Fletching
31:42 Padded Archer Armor
32:25 Bodkin Arrow
34:43 Gold Mining
35:52 Leather Archer Armor
41:27 Ballistics
42:42 Hamask
45:46 Town Watch
48:35 Imperial Age
46:26 Heavy Plow
Connection lost

Rejoining the realm…

Still unreachable

The connection could not be restored.

Session expired

The server has moved on; the page needs a fresh start.